 Dungeon Crawl Stone Soup version 0.30-a0-778-g2ef04afb54 (webtiles) character file.

Game seed: 3561635987808806493

536162 retardedninja the Slayer (level 25, -9/219 HPs)
             Began as a Gnoll Fighter on Feb 14, 2023.
             Was an Initiate of Gozag.
             Mangled by a rockslime (27 damage)
             ... created by the Royal Jelly
             ... on level 5 of the Pits of Slime on Feb 15, 2023.
             The game lasted 02:09:06 (57585 turns).

retardedninja the Slayer (Gnoll Fighter)           Turns: 57585, Time: 02:09:07

Health: -9/219     AC: 33    Str: 35    XL:     25   Next: 81%
Magic:  35/35      EV: 16    Int:  8    God:    Gozag
Gold:   8871       SH:  0    Dex: 15    Spells: 52/59 levels left

rFire   + + .      SeeInvis .    K - +11 war axe of Charity {heavy, *Rage Str+4}
rCold   + . .      Faith    .    S - +5 tower shield
rNeg    + . .      Spirit   .    m - +1 crystal plate armour of Tomorrow {rC+ Regen+ Int-2}
rPois   +          Reflect  .    M - +2 helmet
rElec   +          Harm     .    y - +2 ratskin cloak {*Rats rPois rN+ Str-1 Int-1 Dex+1}
rCorr   .          Rampage  +    r - +2 pair of gloves
Will    +....      Rage     20%  D - +1 pair of boots {rampage} Stlth
                                 s - amulet of Uniaw {rF+ rC- Regen+ Int+2 Slay+3}
HPRegen 2.16/turn                U - ring of the Octopus King {Fly HP+2 AC+2 EV+2 SH+2}
MPRegen 0.24/turn                E - ring of Accord {rElec rF+ rC+ Str+6 Dex+2}

@: confused, brilliant, corroded, gold aura, on berserk cooldown, flying,
hasted, studying 2 skills, very quick
A: fangs 1, strong nose, distributed training, iridescent scales 1, low MP 2
}: 3/15 runes: serpentine, barnacled, silver
a: Renounce Religion, Potion Petition, Call Merchant, Bribe Branch


You were on level 5 of the Pits of Slime.
You worshipped Gozag.
Gozag was greatly pleased with you.
You visited 11 branches of the dungeon, and saw 51 of its levels.
You visited the Abyss 1 time.
You visited 1 bazaar.
You also visited: Volcano.

You collected 25056 gold pieces.
You spent 4145 gold pieces at shops.
You paid 12040 gold pieces to Gozag.

Inventory:

Hand Weapons
 K - the +11 war axe of Charity (weapon) {heavy, *Rage Str+4}
   (You found it on level 3 of the Snake Pit)

   Str:       It affects your strength (+4).
   *Rage:     It berserks you when you make melee attacks (+20% chance).
Missiles
 G - 17 javelins (quivered)
 Q - 7 silver javelins
Armour
 m - the +1 crystal plate armour of Tomorrow (worn) {rC+ Regen+ Int-2}
   (You acquired it on level 7 of the Dungeon)

   Int:       It affects your intelligence (-2).
   rC:        It protects you from cold.
   Regen:     It increases your rate of health regeneration.
 r - a +2 pair of gloves (worn)
 y - the +2 ratskin cloak (worn) {*Rats rPois rN+ Str-1 Int-1 Dex+1}
   (You found it on level 5 of the Dungeon)

   *Rats:     When the wearer is hurt, rats may emerge from it to assist them.
   Str:       It affects your strength (-1).
   Int:       It affects your intelligence (-1).
   Dex:       It affects your dexterity (+1).
   rPois:     It protects you from poison.
   rN:        It protects you from negative energy.
 D - a +1 pair of boots of rampaging (worn)
 M - a +2 helmet (worn)
 N - a +2 pair of boots
 S - a +5 tower shield (worn)
Jewellery
 p - the ring of Shadows {Umbra +Inv Stlth+}
   (You found it on level 1 of the Depths)

   [ring of stealth]

   Umbra:     It surrounds you with an aura of shadow, increasing your stealth
   and reducing the accuracy of all others within it.
   +Inv:      It lets you turn invisible.
   Stlth:     It makes you more stealthy.
 s - the amulet of Uniaw (around neck) {rF+ rC- Regen+ Int+2 Slay+3}
   (You found it on level 2 of the Orcish Mines)

   [amulet of regeneration]

   Int:       It affects your intelligence (+2).
   Slay:      It affects your accuracy & damage with ranged weapons and melee
   (+3).
   rF:        It protects you from fire.
   rC:        It makes you vulnerable to cold.
   Regen:     It increases your rate of health regeneration.
 E - the ring of Accord (right hand) {rElec rF+ rC+ Str+6 Dex+2}
   (You found it on level 4 of the Lair of Beasts)

   [ring of strength]

   Str:       It affects your strength (+6).
   Dex:       It affects your dexterity (+2).
   rF:        It protects you from fire.
   rC:        It protects you from cold.
   rElec:     It insulates you from electricity.
 U - a ring of the Octopus King (left hand) {Fly HP+2 AC+2 EV+2 SH+2}
   (You found it on level 3 of the Elven Halls)

   [ring of flight]

   AC:        It affects your AC (+2).
   EV:        It affects your evasion (+2).
   HP:        It affects your health (+2).
   Fly:       It grants you flight.
   SH:        It affects your SH (+2).
Wands
 a - a wand of polymorph (22)
 d - a wand of flame (57)
 f - a wand of light (1)
 h - a wand of digging (3)
 I - a wand of mindburst (4)
 J - a wand of iceblast (10)
 L - a wand of charming (29)
Scrolls
 i - 7 scrolls of vulnerability
 j - 9 scrolls of poison
 l - a scroll of amnesia
 n - 8 scrolls of fog
 u - 10 scrolls of immolation
 v - 7 scrolls of torment
 x - 3 scrolls of fear
 A - 15 scrolls of teleportation
 Y - 2 scrolls of magic mapping
 Z - 6 scrolls of silence
Potions
 c - a potion of experience {unknown}
 e - 4 potions of resistance
 k - 3 potions of haste
 o - 14 potions of curing
 q - 9 potions of brilliance
 w - 9 potions of lignification
 z - 9 potions of magic
 B - 10 potions of mutation
 C - 12 potions of flight
 F - 7 potions of attraction
 R - 3 potions of might
Miscellaneous
 b - a tin of tremorstones (2/2)
 g - a phial of floods (inert)
 H - a phantom mirror (inert)
 O - a condenser vane (inert)


   Skills:
 + Level 22.1 Fighting
 + Level 17.8 Short Blades
 + Level 17.8 Long Blades
 + Level 18.3 Axes
 + Level 17.8 Maces & Flails
 + Level 17.8 Polearms
 + Level 17.8 Staves
 + Level 17.8 Ranged Weapons
 + Level 17.8 Throwing
 + Level 18.8 Armour
 + Level 17.8 Dodging
 + Level 21.5 Stealth
 + Level 18.8 Shields
 + Level 17.8 Unarmed Combat
 + Level 17.8 Spellcasting
 + Level 15.1 Conjurations
 + Level 15.1 Hexes
 + Level 15.1 Summonings
 + Level 15.1 Necromancy
 + Level 15.1 Translocations
 + Level 15.1 Transmutations
 + Level 15.1 Fire Magic
 + Level 15.1 Ice Magic
 + Level 15.1 Air Magic
 + Level 15.1 Earth Magic
 + Level 15.1 Poison Magic
 + Level 19.2 Invocations
 + Level 17.8 Evocations


You had 52 spell levels left.
You knew the following spells:

 Your Spells              Type           Power      Damage    Failure   Level
a - Summon Guardian Gole  Hex/Summ       47%        N/A       1%          3
b - Animate Armour        Summ/Erth      94%        N/A       2%          4

Your spell library contained the following spells:

 Spells                   Type           Power      Damage    Failure   Level
 Apportation              Tloc           94%        N/A       1%          1
 Foxfire                  Conj/Fire      100%       2x1d9     1%          1
 Freeze                   Ice            100%       1d10      1%          1
 Kiss of Death            Conj/Necr      100%       2d13      1%          1
 Magic Dart               Conj           100%       1d8       1%          1
 Shock                    Conj/Air       100%       1d9       1%          1
 Summon Small Mammal      Summ           100%       N/A       1%          1
 Blink                    Tloc           94%        N/A       1%          2
 Call Imp                 Summ           47%        N/A       1%          2
 Ensorcelled Hibernation  Hex/Ice        94%        N/A       1%          2
 Momentum Strike          Conj/Tloc      94%        3d10      1%          2
 Passwall                 Tmut/Erth      39%        N/A       1%          2
 Scorch                   Fire           94%        2d9       1%          2
 Static Discharge         Conj/Air       94%        2-6/arc   1%          2
 Call Canine Familiar     Summ           47%        N/A       1%          3
 Confusing Touch          Hex            47%        N/A       1%          3
 Dazzling Flash           Conj/Hex       94%        N/A       1%          3
 Frozen Ramparts          Ice            94%        1d15      1%          3
 Gell's Gravitas          Tloc           47%        N/A       1%          3
 Hailstorm                Conj/Ice       47%        3d11      1%          3
 Ignite Poison            Fire/Tmut/Pois 47%        N/A       1%          3
 Mephitic Cloud           Conj/Pois/Air  47%        N/A       1%          3
 Portal Projectile        Hex/Tloc       94%        N/A       1%          3
 Spider Form              Tmut/Pois      47%        N/A       1%          3
 Swiftness                Air            47%        N/A       1%          3
 Teleport Other           Tloc           47%        N/A       1%          3
 Tukima's Dance           Hex            47%        N/A       1%          3
 Vhi's Electric Charge    Tloc/Air       94%        N/A       1%          3
 Airstrike                Air            23%        2d(4-20)  2%          4
 Anguish                  Hex/Necr       23%        N/A       2%          4
 Dispel Undead            Necr           47%        3d18      2%          4
 Flame Wave               Conj/Fire      47%        2d12      2%          4
 Manifold Assault         Tloc           47%        N/A       2%          4
 Passage of Golubria      Tloc           47%        N/A       2%          4
 Sticky Flame             Conj/Fire      47%        2d6       2%          4
 Summon Ice Beast         Ice/Summ       47%        N/A       2%          4
 Summon Lightning Spire   Summ/Air       47%        N/A       2%          4
 Agony                    Necr           47%        N/A       8%          5
 Alistair's Intoxication  Tmut/Pois      31%        N/A       8%          5
 Arcjolt                  Conj/Air       23%        1d33      8%          5
 Blade Hands              Tmut           23%        N/A       8%          5
 Borgnjor's Vile Clutch   Necr/Erth      23%        N/A       8%          5
 Fireball                 Conj/Fire      23%        3d11      8%          5
 Iskenderun's Battlesphe  Conj           47%        2d10      8%          5
 Lightning Bolt           Conj/Air       23%        1d39      8%          5
 Silence                  Hex/Air        23%        N/A       8%          5
 Summon Forest            Summ/Tloc      23%        N/A       8%          5
 Summon Mana Viper        Hex/Summ       47%        N/A       8%          5
 Yara's Violent Unravell  Hex/Tmut       23%        3d10      8%          5
 Conjure Ball Lightning   Conj/Air       23%        3x3d6     38%         6
 Death Channel            Necr           23%        N/A       38%         6
 Dispersal                Tloc           23%        N/A       38%         6
 Eringya's Noxious Bog    Tmut/Pois      23%        N/A       38%         6
 Iron Shot                Conj/Erth      23%        9d5       38%         6
 Starburst                Conj/Fire      23%        6d8       38%         6
 Summon Cactus Giant      Summ           23%        N/A       38%         6
 Haunt                    Necr/Summ      23%        N/A       93%         7
 Malign Gateway           Summ/Tloc      23%        N/A       93%         7
 Monstrous Menagerie      Summ           23%        N/A       93%         7
 Orb of Destruction       Conj           23%        9d8       93%         7
 Spellforged Servitor     Conj/Summ      23%        N/A       93%         7
 Storm Form               Tmut/Air       23%        N/A       93%         7
 Summon Hydra             Summ           23%        N/A       93%         7
 Borgnjor's Revivificati  Necr           23%        N/A       100%        8
 Disjunction              Tloc           23%        N/A       100%        8
 Ignition                 Fire           23%        3d8       100%        8
 Infestation              Necr           23%        N/A       100%        8
 Lehudib's Crystal Spear  Conj/Erth      23%        10d7      100%        8
 Maxwell's Capacitive Co  Air            23%        ∞         100%        8
 Necromutation            Tmut/Necr      23%        N/A       100%        8
 Death's Door             Necr           23%        N/A       100%        9
 Animate Dead             Necr           Unusable   N/A       N/A         4

Dungeon Overview and Level Annotations

Branches:
Dungeon (15/15)            Temple (1/1) D:5            Lair (5/5) D:10
 Shoals (4/4) Lair:3        Snake (4/4) Lair:2        Slime (5/5) Lair:5
    Orc (2/2) D:11            Elf (3/3) Orc:2        Vaults (5/5) D:14
  Crypt (3/3) Vaults:3       Tomb (0/3) Crypt:3      Depths (4/4) D:15
    Zot (0/5) Depths:4    Volcano (visited)

Altars:
Ashenzari
Cheibriados
Dithmenos
Elyvilon
Fedhas
Gozag
Hepliaklqana
Kikubaaqudgha
Makhleb
Nemelex Xobeh
Okawaru
Qazlal
Ru
Sif Muna
Trog
Uskayaw
Vehumet
Wu Jian
Xom
Yredelemnul
Zin
The Shining One
Jiyva

Shops:
D:7 (   D:11 =(?((   D:13 [   Orc:1 *   Orc:2 :***   Elf:1 [(!*   Elf:3 (
Shoals:1 (   Snake:1 [   Vaults:1 =   Vaults:3 !   Vaults:4 ?   Crypt:3 **[
Depths:1 ::=   Depths:3 *

Portals:
Hell: Depths:1 Depths:2 Depths:3 Depths:4
Abyss: Depths:1 Depths:3 Depths:4
Pandemonium: Depths:1 Depths:2
Ziggurat: Depths:2

Annotations:
D:3 1 runed translucent door, Crazy Yiuf
D:13 6 runed translucent doors
Elf:2 1 runed translucent door, Hynwimna's ghost, veteran MiGl
Vaults:3 exclusion: obsidian statue


Innate Abilities, Weirdness & Mutations

You have very sharp teeth.
Your uncanny sense of smell can sniff out nearby items.
Your experience applies equally to all skills.
You are partially covered in iridescent scales. (AC +2)
Your magical capacity is very low. (-20% MP)


Message History

You block the quicksilver ooze's attack.
The quicksilver ooze hits you but does no damage.
The golden eye blinks at you.
You easily resist.
The golden eye blinks at you.
You easily resist.
You block the azure jelly's attack. x2
The azure jelly misses you.
The azure jelly hits you but does no damage.
The rockslime is distracted by your dazzling golden aura.
The rockslime hits you!!
* * * LOW HITPOINT WARNING * * *
You hold your ground!
The rockslime quivers.
Aim the phial where?
Press: ? - help, Q - select action, (/) - cycle Shift-Dir - straight line, p - acid blob The torrent of water hits the quicksilver ooze!!
You kill the quicksilver ooze!
That felt strangely unrewarding.
The wave splashes down.
The rockslime is engulfed in water.
The azure jelly is engulfed in water.
The golden eye is engulfed in water.
The azure jelly is engulfed in water.
The great orb of eyes is engulfed in water. x2
The golden eye blinks at you.
You are confused.
Two slime creatures merge to form a large slime creature.
The azure jelly hits you but does no damage. x3
The azure jelly splashes around in the water.
The slime creature is distracted by your dazzling golden aura.
Two slime creatures merge to form a large slime creature.
Unknown command.
Okay, then.
You bump into the rune-carved stone wall.
The azure jelly is no longer distracted by gold.
The rockslime hits you!!
* * * LOW HITPOINT WARNING * * *
You hold your ground!
The azure jelly is distracted by your dazzling golden aura.
The rockslime hits you!!
You die...
Your body crumbles into a pile of gold.

......G...#**∆∆#"#*,*,*,$***,,,,,
.........##*$∆∆$*#,,**∆∆,$***,,,,
..........#*∆∆∆∆$*,**∆∆∆,$**,,,,,
..........###∆∆∆**,,**$∆$**,,,,,,
............#*$∆∆**,*∆∆∆***,,,,,,
......$.....##*∆**,,**$***,,,,,,,
.....G$......##***,#****,,,,,,,,,
.............J####G##.#.,,,,,,,,,
....J........JJJ@JJ~J...,,,,,,,,,
.............JJJJJ~~.J.J..,,,,,,,
.........$...JGJJJ~J...........,,
.......J.......~GG~~............,
.#....JJ...........JJ...........,
###...J..............J..........,
##............................,
##...........................,
#.................J.........,


You could see 3 acid blobs, 6 azure jellies, 2 great orbs of eyes, 3 large slime
creatures, 5 slime creatures, 3 rockslimes, 2 quicksilver oozes and 2 golden
eyes.

Vanquished Creatures
  the Royal Jelly (Slime:5)
  2 ancient liches (Vaults:5)
  Mennas (Vaults:4)
  The ghost of Uroast the Impregnable, a veteran MiGl of Hepliaklqana (Crypt:3)
  Sojobo (Vaults:2)
  Frederick (Vaults:2)
  2 golden dragons (Vaults:5)
  A bone dragon (Depths:4)
  Jorgrun (D:13)
  A Tzitzimitl (Depths:1)
  A shard shrike zombie (Crypt:1)
  5 tentacled monstrosities
  Zenata (Vaults:2)
  2 liches
  A walking frostbound tome (Depths:2)
  3 deep elf master archers (Elf:3)
  6 acid blobs
  2 quicksilver dragons
  Mlioglotl (Shoals:4)
  The ghost of Foashama the Severer, an adept DsWr of Gozag (Elf:1)
  2 titans
  4 deep elf blademasters
  A kraken (Shoals:3)
  An Executioner (Abyss:2)
  2 tentacled starspawn (Abyss:2)
  5 sphinxes
  Kirke (Shoals:1)
  3 ancient champions (Crypt:3)
  Gastronok (Lair:1)
  6 tengu reavers
  Agnes (D:15)
  5 shadow dragons
  3 revenants
  5 nagarajas
  6 rockslimes
  4 azure jellies
  2 iron dragons
  9 fire giants
  4 deep elf sorcerers
  Louise (Snake:2)
  13 vault wardens
  A balrug (Depths:4)
  6 frost giants
  3 orc warlords
  A draconian shifter (Depths:4)
  Aizul (Snake:3)
  A curse skull (Crypt:3)
  65 slime creatures
  18 ironbound preservers
  5 war gargoyles
  4 quicksilver oozes
  15 stone giants
  3 deep elf elementalists
  3 ghouls (Crypt:3)
  19 very ugly things
  A draconian annihilator (Depths:4)
  10 vampire knights
  A spriggan defender (Depths:1)
  The ghost of Esekla the Thaumaturge, a journeyman VSDe of Vehumet (Orc:2)
  4 ironbound thunderhulks
  5 deep elf demonologists
  2 reapers (Crypt:3)
  A green draconian (Depths:4)
  A purple draconian (Depths:4)
  8 spark wasps (Depths:4)
  11 deep elf annihilators
  A red draconian (Depths:4)
  A dire elephant (Vaults:2)
  9 deep elf death magi
  5 eidola
  3 merfolk javelineers (Shoals:4)
  2 entropy weavers
  7 fire dragons
  17 yaktaur captains
  A crystal guardian (Vaults:4)
  Snorg (D:10)
  7 ettins
  11 merfolk impalers
  9 ice dragons
  Fannar (Lair:1)
  3 deep elf high priests
  The ghost of DeadOnArrival the Basher, a journeyman DsMo of Okawaru (Orc:2)
  10 great orbs of eyes
  16 jiangshi
  33 vault guards
  7 rakshasas
  2 catoblepae
  A peacekeeper (Vaults:4)
  Erolcha (D:10)
  A spriggan air mage (Depths:2)
  6 hydras
  A caustic shrike simulacrum (Depths:1)
  4 ogre magi
  A salamander tyrant (Snake:3)
  5 death knights
  The ghost of elongatedgoose the Grappler, a novice TrGl (D:7)
  16 centaur warriors
  10 anacondas
  2 deep troll shamans (Depths:2)
  6 ironbound frosthearts
  3 merfolk aquamancers
  A spriggan skeleton (Crypt:2)
  15 two-headed ogres
  2 alligator snapping turtles
  5 naga warriors
  4 merfolk avatars
  2 death yaks (Lair:3)
  27 dancing weapons
  5 boulder beetles
  10 tengu warriors
  3 satyrs
  A hell hog (Volcano)
  8 deep troll earth magi
  A thrashing horror (Abyss:2)
  11 vampire magi
  Urug (D:10)
  6 naga sharpshooters
  5 orc high priests
  3 spriggan berserkers
  9 shock serpents
  22 deep elf knights
  Sonja (D:10)
  5 iron trolls
  8 hell knights
  Amaemon (Lair:3)
  A golden dragon zombie (Depths:1)
  20 skeletal warriors
  3 wretched stars (Abyss:2)
  3 salamander mystics (Snake:3)
  11 large abominations
  A fire crab (D:10)
  A fire crab (shapeshifter) (D:10)
  Lodul (D:10)
  7 shadow wraiths
  A titan skeleton (Crypt:2)
  3 glowing orange brains
  14 sea snakes
  53 deep trolls
  3 skysharks
  7 wizards
  A bog body (Crypt:3)
  A spriggan simulacrum (D:14)
  3 shadow demons (Depths:1)
  9 flayed ghosts
  21 deep elf archers
  Pikel (D:9)
  A spriggan druid (Elf:3)
  15 ironbound convokers
  10 mana vipers
  15 orc knights
  5 naga ritualists
  14 harpies
  2 orc sorcerers
  33 deep elf pyromancers
  27 deep elf zephyrmancers
  17 lindwurms
  10 manticores
  13 phantasmal warriors
  33 ugly things
  6 fauns
  A wolf spider (D:10)
  A stone giant zombie (Depths:1)
  14 salamanders
  2 tengu skeletons
  6 necromancers
  12 merfolk sirens
  Maurice (D:8)
  14 naga magi
  8 cyclopes
  2 guardian serpents
  A fire giant skeleton (Crypt:1)
  A guardian serpent (shapeshifter) (D:15)
  2 naga zombies (Crypt:2)
  18 elephants
  13 cane toads
  2 water nymphs
  30 black mambas
  10 vault sentinels
  2 molten gargoyles (Volcano)
  3 torpor snails
  2 smoke demons (Depths:4)
  A gargoyle (D:11)
  Maggie (D:6)
  2 orange demons
  A rime drake (Lair:4)
  4 unseen horrors
  2 efreet
  7 komodo dragons
  32 yaktaurs
  A steelbarb worm zombie (Crypt:3)
  A dire elephant skeleton (Crypt:1)
  2 kobold demonologists
  8 tengu conjurers
  An iron troll zombie (Crypt:1)
  A grey draconian skeleton (Crypt:2)
  5 freezing wraiths
  2 ancient zymes
  36 merfolk
  13 trolls
  A catoblepas skeleton (Crypt:1)
  A merfolk (shapeshifter) (Vaults:5)
  A hellwing (Abyss:2)
  2 harpy zombies
  3 tyrant leeches (Lair:5)
  4 polar bears
  Grinder (D:3)
  A hydra skeleton (Crypt:1)
  A jumping spider zombie (Crypt:2)
  6 wind drakes
  A harpy skeleton (Crypt:2)
  A guardian serpent zombie (Crypt:2)
  4 dream sheep (Shoals:4)
  19 blink frogs
  10 snapping turtles
  A centaur simulacrum (D:14)
  A fire giant simulacrum (Depths:1)
  Sigmund (D:2)
  2 air elementals
  7 flying skulls
  2 wyverns
  A shadow (D:9)
  An ice dragon skeleton (Crypt:3)
  10 wraiths
  6 hogs (Shoals:1)
  6 basilisks
  A vampire (D:13)
  5 golden eyes
  A ynoxinul (Abyss:2)
  A dire elephant simulacrum (D:14)
  7 fire elementals
  18 yaks
  2 steam dragons
  A human (shapeshifter) (Elf:1)
  10 water elementals
  Eustachio (D:6)
  A redback (Vaults:2)
  9 fire bats (Volcano)
  2 minotaur simulacra (D:14)
  9 humans (D:14)
  A chaos spawn (Depths:3)
  3 redbacks (shapeshifter)
  A demonspawn zombie (Crypt:1)
  12 vampire mosquitoes
  3 wargs
  3 glowing shapeshifter zombies
  Duvessa (D:5)
  An acid dragon (shapeshifter) (Vaults:2)
  An acid dragon (D:14)
  27 nagas
  2 floating eyes
  A floating eye (shapeshifter) (Vaults:5)
  5 water moccasins
  2 hell hounds (Volcano)
  26 orc warriors
  A faun skeleton (Crypt:3)
  An ice beast (D:6)
  4 sky beasts
  2 black bears
  11 centaurs
  9 wolves
  39 ogres
  A lindwurm skeleton (Crypt:2)
  4 phantoms
  2 kobold brigands
  14 bullfrogs
  A necrophage (D:5)
  5 gnoll sergeants (D:10)
  3 earth elementals (Elf:1)
  3 small abominations (Depths:3)
  2 deep troll simulacra (D:14)
  18 wights
  Dowan (D:5)
  5 killer bees (D:10)
  A raiju zombie (Crypt:2)
  A polar bear skeleton (Crypt:3)
  5 electric eels
  5 howler monkeys
  7 lava snakes
  A quasit (Vaults:2)
  13 orc priests
  5 hounds
  2 jellies (D:5)
  A gnoll bouda (D:10)
  A bullfrog skeleton (Crypt:2)
  2 iguanas
  Ijyb (D:5)
  15 orc wizards
  4 yak simulacra (Lair:2)
  9 hell rats (D:5)
  3 polar bear simulacra (Lair:2)
  A killer bee zombie (Crypt:3)
  A wolf simulacrum (Lair:2)
  A sky beast zombie (Crypt:3)
  A hound zombie (Crypt:1)
  22 gnolls
  A howler monkey zombie (Crypt:3)
  2 adders
  18 river rats (D:5)
  A steam dragon skeleton (Crypt:3)
  A shadow imp (D:8)
  3 ufetubi
  2 worms
  3 dart slugs
  63 orcs
  8 endoplasms
  7 giant cockroaches
  15 goblins
  7 hobgoblins
  A jackal (D:10)
  5 quokkas
  5 ball pythons
  9 bats
  A dart slug zombie (Crypt:2)
  3 frilled lizards (D:1)
  A hobgoblin skeleton (Crypt:3)
  22 kobolds
  A quokka skeleton (Crypt:1)
  6 rats
  A rat skeleton (Crypt:3)
  A river rat simulacrum (Lair:2)
  A river rat zombie (Crypt:2)
  A bush (Bazaar)
  2 fire vortices (D:13)
  2 starspawn tentacles (Abyss:2)
  2 tentacles (Shoals:3)
1970 creatures vanquished.

Vanquished Creatures (collateral kills)
  A curse toe (Crypt:3)
  Jory (Vaults:4)
  A lich (Crypt:3)
  A titan (Vaults:5)
  A storm dragon (Vaults:5)
  Ilsuiw (Shoals:3)
  An azure jelly (Slime:5)
  A vault warden (Vaults:2)
  A merfolk javelineer (Shoals:3)
  2 yaktaur captains (Vaults:2)
  A hydra (shapeshifter) (Vaults:5)
  A merfolk avatar (Shoals:1)
  A satyr (Shoals:2)
  2 death knights
  2 naga warriors (Snake:4)
  A tengu warrior (Depths:3)
  An orc high priest (Orc:1)
  A bog body (Crypt:3)
  An ironbound convoker (Vaults:2)
  A harpy (Shoals:4)
  A manticore (Shoals:4)
  A cyclops (D:14)
  A merfolk siren (Shoals:3)
  3 cane toads
  A freezing wraith (D:14)
  A yaktaur (Vaults:2)
  A merfolk (Shoals:4)
  A dream sheep (Shoals:4)
  2 wraiths (D:14)
  An air elemental (Elf:1)
  3 yaks
  2 water elementals (Shoals:4)
  A neqoxec (Abyss:2)
  A minotaur simulacrum (D:14)
  2 orc warriors (Orc:1)
  A centaur (D:9)
  A deep troll simulacrum (D:14)
  A basilisk zombie (Crypt:3)
  A yak simulacrum (Lair:2)
  A wolf simulacrum (Lair:2)
  An orc (Orc:1)
  A jackal (D:10)
  2 kobolds (D:8)
  A butterfly (Lair:1)
55 creatures vanquished.

Vanquished Creatures (others)
  A titan (Vaults:5)
  A deep elf death mage (Crypt:3)
  A merfolk impaler (Shoals:4)
  A catoblepas (Lair:3)
  2 deep elf knights
  A sea snake (Snake:4)
  A wizard (Vaults:2)
  A deep elf zephyrmancer (Elf:2)
  An ugly thing (Vaults:2)
  A naga mage (Snake:4)
  A black mamba (Snake:2)
  An air elemental (Elf:3)
  A water elemental (Elf:2)
  A butterfly (Lair:1)
  17 fungi
  116 plants
  3 starspawn tentacles (Abyss:2)
  2 tentacles (Shoals:3)
  2 withered plants (Orc:2)
155 creatures vanquished.

Grand Total: 2180 creatures vanquished

Notes
Turn   | Place    | Note
-------+----------+-------------------------------------------
     0 | D:1      | retardedninja the Gnoll Fighter began the quest for the
                  | Orb.
     0 | D:1      | Reached XP level 1. HP: 23/23 MP: 1/1
   243 | D:1      | Reached XP level 2. HP: 29/29 MP: 2/2
   528 | D:1      | Reached XP level 3. HP: 33/35 MP: 3/3
   894 | D:2      | Reached skill level 1 in Invocations
   957 | D:2      | Reached skill level 1 in Short Blades
   957 | D:2      | Reached skill level 1 in Long Blades
   957 | D:2      | Reached skill level 1 in Maces & Flails
   957 | D:2      | Reached skill level 1 in Polearms
   957 | D:2      | Reached skill level 1 in Staves
   957 | D:2      | Reached skill level 1 in Ranged Weapons
   957 | D:2      | Reached skill level 1 in Throwing
   957 | D:2      | Reached skill level 1 in Dodging
   957 | D:2      | Reached skill level 1 in Stealth
   957 | D:2      | Reached skill level 1 in Unarmed Combat
   957 | D:2      | Reached skill level 1 in Spellcasting
   957 | D:2      | Reached skill level 1 in Evocations
  1161 | D:2      | Noticed Sigmund
  1171 | D:2      | Killed Sigmund
  1172 | D:2      | Reached skill level 1 in Conjurations
  1172 | D:2      | Reached skill level 1 in Hexes
  1172 | D:2      | Reached skill level 1 in Summonings
  1172 | D:2      | Reached skill level 1 in Necromancy
  1172 | D:2      | Reached skill level 1 in Translocations
  1172 | D:2      | Reached skill level 1 in Transmutations
  1172 | D:2      | Reached skill level 1 in Fire Magic
  1172 | D:2      | Reached skill level 1 in Ice Magic
  1172 | D:2      | Reached skill level 1 in Air Magic
  1172 | D:2      | Reached skill level 1 in Earth Magic
  1172 | D:2      | Reached skill level 1 in Poison Magic
  1172 | D:2      | Reached XP level 4. HP: 36/41 MP: 4/6
  1172 | D:2      | Reached XP level 5. HP: 41/47 MP: 4/7
  1390 | D:2      | Reached XP level 6. HP: 53/53 MP: 8/8
  1399 | D:2      | Reached skill level 5 in Axes
  1876 | D:3      | Found an ornate altar of the Wu Jian Council.
  2041 | D:3      | Found a glowing golden altar of the Shining One.
  2118 | D:3      | Noticed Grinder
  2150 | D:3      | Paralysed by Grinder for 2 turns
  2154 | D:3      | Killed Grinder
  2155 | D:3      | Reached skill level 7 in Fighting
  2155 | D:3      | Reached XP level 7. HP: 55/60 MP: 10/10
  2315 | D:3      | Found a runed translucent door.
  2316 | D:3      | Noticed Crazy Yiuf
  2815 | D:4      | Found a shimmering blue altar of Sif Muna.
  2827 | D:4      | Found a basalt altar of Yredelemnul.
  3020 | D:4      | Found a broken altar of Ashenzari.
  3187 | D:4      | Reached XP level 8. HP: 67/67 MP: 12/12
  3192 | D:4      | Found a blossoming altar of Fedhas.
  3462 | D:4      | Found a burning altar of Makhleb.
  3661 | D:5      | Entered Level 5 of the Dungeon
  3700 | D:5      | Found a staircase to the Ecumenical Temple.
  3766 | D:5      | Found an ancient bone altar of Kikubaaqudgha.
  3872 | D:5      | Noticed Duvessa
  3875 | D:5      | Noticed Dowan
  3887 | D:5      | Killed Duvessa
  3887 | D:5      | Killed Dowan
  3959 | D:5      | Noticed Ijyb
  3972 | D:5      | Killed Ijyb
  4234 | Temple   | Entered the Ecumenical Temple
  4262 | Temple   | Became a worshipper of Gozag Ym Sagoz the Greedy
  4493 | D:5      | Reached XP level 9. HP: 62/72 MP: 14/14
  4541 | D:5      | Found the +2 ratskin cloak {*Rats rPois rN+ Str-1 Int-1
                  | Dex+1}
  5254 | D:6      | Noticed Maggie
  5283 | D:6      | Killed Maggie
  5284 | D:6      | Reached skill level 8 in Fighting
  5766 | D:6      | Found an iron altar of Okawaru.
  5769 | D:6      | Reached skill level 5 in Invocations
  5916 | D:6      | Noticed Eustachio
  5943 | D:6      | Killed Eustachio
  6040 | D:7      | Found a radiant altar of Vehumet.
  6068 | D:7      | Found Achips's Antique Weapon Shop.
  6188 | D:7      | Reached skill level 5 in Short Blades
  6188 | D:7      | Reached skill level 5 in Long Blades
  6188 | D:7      | Reached skill level 5 in Maces & Flails
  6188 | D:7      | Reached skill level 5 in Polearms
  6188 | D:7      | Reached skill level 5 in Staves
  6188 | D:7      | Reached skill level 5 in Ranged Weapons
  6188 | D:7      | Reached skill level 5 in Throwing
  6188 | D:7      | Reached skill level 5 in Dodging
  6188 | D:7      | Reached skill level 5 in Stealth
  6188 | D:7      | Reached skill level 5 in Unarmed Combat
  6188 | D:7      | Reached skill level 5 in Spellcasting
  6188 | D:7      | Reached skill level 5 in Evocations
  6188 | D:7      | Reached XP level 10. HP: 69/81 MP: 17/17
  6278 | D:7      | Found a hazy altar of Hepliaklqana.
  6325 | D:7      | Found a large runed translucent door.
  6326 | D:7      | Found a large runed translucent door.
  6326 | D:7      | Noticed elongatedgoose's ghost (novice TrGl)
  6548 | D:7      | Found a white marble altar of Elyvilon.
  6764 | D:7      | Killed elongatedgoose's ghost
  6876 | D:7      | Identified a scroll of acquirement
  6876 | D:7      | Acquired the +1 crystal plate armour of Tomorrow {rC+
                  | Regen+ Int-2}
  6953 | D:8      | Noticed Maurice
  7005 | D:8      | Killed Maurice
  7387 | D:8      | Found a shimmering altar of Xom.
  7452 | D:8      | Noticed a two-headed ogre
  7462 | D:8      | Killed a two-headed ogre
  7694 | D:8      | Found a sacrificial altar of Ru.
  7728 | D:8      | Found a sparkling altar of Nemelex Xobeh.
  8127 | D:9      | Noticed Pikel
  8138 | D:9      | Killed Pikel
  8139 | D:9      | Reached skill level 9 in Fighting
  8155 | D:9      | Reached skill level 5 in Conjurations
  8155 | D:9      | Reached skill level 5 in Hexes
  8155 | D:9      | Reached skill level 5 in Summonings
  8155 | D:9      | Reached skill level 5 in Necromancy
  8155 | D:9      | Reached skill level 5 in Translocations
  8155 | D:9      | Reached skill level 5 in Transmutations
  8155 | D:9      | Reached skill level 5 in Fire Magic
  8155 | D:9      | Reached skill level 5 in Ice Magic
  8155 | D:9      | Reached skill level 5 in Air Magic
  8155 | D:9      | Reached skill level 5 in Earth Magic
  8155 | D:9      | Reached skill level 5 in Poison Magic
  8155 | D:9      | Reached XP level 11. HP: 70/89 MP: 20/20
  8174 | D:9      | Noticed a cyclops
  8184 | D:9      | Killed a cyclops
  8520 | D:9      | Found a glowing silver altar of Zin.
  8625 | D:10     | Entered Level 10 of the Dungeon
  8662 | D:10     | Identified the +7 scale mail "Ratousm" {Regen+}
  8683 | D:10     | Noticed Lodul
  8708 | D:10     | Killed Lodul
  8973 | D:10     | Noticed Sonja
  8980 | D:10     | Killed Sonja
  8990 | D:10     | Noticed Snorg
  9009 | D:10     | Killed Snorg
  9100 | D:10     | Noticed Urug
  9119 | D:10     | Killed Urug
  9163 | D:10     | Found a staircase to the Lair.
  9163 | D:10     | Noticed a fire crab
  9191 | D:10     | Killed a fire crab
  9561 | D:10     | Noticed Erolcha
  9567 | D:10     | Killed Erolcha
  9765 | D:10     | Noticed a two-headed ogre
  9770 | D:10     | Killed a two-headed ogre
  9771 | D:10     | Reached XP level 12. HP: 95/97 MP: 22/22
  9877 | D:10     | Noticed a seven-headed hydra
  9895 | D:10     | Killed a 17-headed hydra
  9950 | D:10     | Noticed a boulder beetle
  9983 | D:10     | Killed a boulder beetle
  9984 | D:10     | Reached skill level 10 in Fighting
  9984 | D:10     | Reached skill level 10 in Armour
  9984 | D:10     | Reached skill level 10 in Shields
 10012 | D:10     | Noticed a fire dragon
 10080 | Lair:1   | Entered Level 1 of the Lair of Beasts
 10080 | Lair:1   | Noticed Gastronok
 10100 | Lair:1   | Killed Gastronok
 10686 | Lair:1   | Noticed Fannar
 10706 | Lair:1   | Killed Fannar
 11074 | Lair:2   | Found a staircase to the Snake Pit.
 11107 | Lair:2   | Reached XP level 13. HP: 104/104 MP: 25/25
 12243 | Lair:3   | Noticed Amaemon
 12260 | Lair:3   | Killed Amaemon
 12380 | Lair:3   | Found a staircase to the Shoals.
 13098 | Lair:4   | Reached skill level 11 in Fighting
 13098 | Lair:4   | Reached skill level 10 in Axes
 13768 | Lair:4   | Identified the ring of Accord {rElec rF+ rC+ Str+6 Dex+2}
 14130 | Lair:5   | Entered Level 5 of the Lair of Beasts
 14130 | Lair:5   | Found a staircase to the Slime Pits.
 14130 | Lair:5   | Found a viscous altar of Jiyva.
 14242 | Lair:5   | Reached skill level 10 in Invocations
 14242 | Lair:5   | Reached XP level 14. HP: 103/113 MP: 27/27
 14908 | Lair:5   | Identified the amulet "Amniqef" {Harm rF+ Regen+ Int+7}
 14911 | Lair:5   | Got the Spellbook of the Tincture and Energy
 15401 | D:11     | Found a staircase to the Orcish Mines.
 15587 | D:11     | Found Zeosouh's Weapon Boutique.
 15626 | D:11     | Bought 4 silver javelins for 468 gold pieces
 15712 | D:11     | Found Ageocej's Magic Scroll Shop.
 15721 | D:11     | Found Beicu's Antique Weapon Emporium.
 15724 | D:11     | Bought a scroll of summoning for 123 gold pieces
 15736 | D:11     | Found Xeugaent's Antique Weapon Boutique.
 15747 | D:11     | Found Rinanlai's Jewellery Shoppe.
 16028 | Orc:1    | Entered Level 1 of the Orcish Mines
 16029 | Orc:1    | Found a shimmering altar of Xom.
 16134 | Orc:2    | Entered Level 2 of the Orcish Mines
 16139 | Orc:2    | Paralysed by an orc sorcerer for 3 turns
 16180 | Orc:2    | Found a staircase to the Elven Halls.
 16431 | Orc:1    | Noticed an orc warlord
 16450 | Orc:1    | Killed an orc warlord
 16452 | Orc:1    | Found Jeutoy's Assorted Antiques.
 16458 | Orc:1    | Reached skill level 10 in Short Blades
 16458 | Orc:1    | Reached skill level 10 in Long Blades
 16458 | Orc:1    | Reached skill level 10 in Maces & Flails
 16458 | Orc:1    | Reached skill level 10 in Polearms
 16458 | Orc:1    | Reached skill level 10 in Staves
 16458 | Orc:1    | Reached skill level 10 in Ranged Weapons
 16458 | Orc:1    | Reached skill level 10 in Throwing
 16458 | Orc:1    | Reached skill level 10 in Dodging
 16458 | Orc:1    | Reached skill level 10 in Stealth
 16458 | Orc:1    | Reached skill level 10 in Unarmed Combat
 16458 | Orc:1    | Reached skill level 10 in Spellcasting
 16458 | Orc:1    | Reached skill level 10 in Evocations
 16499 | Orc:1    | Found a dark tunnel.
 16509 | Volcano  | Entered a volcano
 16665 | Volcano  | Found a radiant altar of Vehumet.
 16681 | Volcano  | Reached XP level 15. HP: 94/120 MP: 29/29
 16717 | Volcano  | Reached skill level 12 in Fighting
 16882 | Orc:1    | Bought a scroll of enchant armour for 210 gold pieces
 17275 | Orc:2    | Found Kegasyshakk's General Store.
 17278 | Orc:2    | Found Huiner's Assorted Antiques.
 17286 | Orc:2    | Found a runed translucent gate.
 17286 | Orc:2    | Found a runed translucent gate.
 17286 | Orc:2    | Found a runed translucent gate.
 17289 | Orc:2    | Found Oddiurev's Book Shop.
 17300 | Orc:2    | Bought a potion of heal wounds for 65 gold pieces
 17311 | Orc:2    | Found Powiabe's General Store.
 17322 | Orc:2    | Bought a potion of heal wounds for 70 gold pieces
 17322 | Orc:2    | Bought a scroll of enchant armour for 105 gold pieces
 17333 | Orc:2    | Bought a pair of brightly glowing gloves for 313 gold
                  | pieces
 17333 | Orc:2    | Identified the +1 pair of gloves of the Spider Nest {Int+4
                  | Stlth+} (You bought it in a shop on level 2 of the Orcish
                  | Mines)
 17333 | Orc:2    | Bought a potion of curing for 99 gold pieces
 17509 | Orc:2    | Noticed DeadOnArrival's ghost (journeyman DsMo)
 17509 | Orc:2    | Noticed Esekla's ghost (journeyman VSDe)
 17542 | Orc:2    | Killed DeadOnArrival's ghost
 17547 | Orc:2    | Killed Esekla's ghost
 17590 | Orc:2    | Identified the amulet of Uniaw {rF+ rC- Regen+ Int+2
                  | Slay+3}
 18848 | D:13     | Found Roerumag's Antique Armour Shoppe.
 19049 | D:13     | Noticed Jorgrun
 19061 | D:13     | Killed Jorgrun
 19115 | D:13     | Identified the +2 robe of the Wild Haggis {rF+ rC+ rCorr}
 19603 | D:13     | Found a runed translucent gate.
 19603 | D:13     | Found a runed translucent gate.
 19603 | D:13     | Found a runed translucent gate.
 19677 | D:13     | Found a runed translucent gate.
 19677 | D:13     | Found a runed translucent gate.
 19677 | D:13     | Found a runed translucent gate.
 19681 | D:13     | Noticed a sphinx
 19682 | D:13     | Noticed a fire giant
 19770 | D:13     | Identified the +7 trident "Zuupsagy" {flame, rF+}
 19869 | D:14     | Identified the +5 hand axe of Nyevimet {chaos, Str+2 Dex+3}
 19969 | D:14     | Reached XP level 16. HP: 76/129 MP: 30/30
 20097 | D:14     | Found a frozen archway.
 20369 | D:14     | Found a gate to the Vaults.
 20479 | D:14     | Found an ornate altar of the Wu Jian Council.
 20540 | D:15     | Entered Level 15 of the Dungeon
 20613 | D:15     | Found a stormy altar of Qazlal.
 20615 | D:15     | Noticed Agnes
 20636 | D:15     | HP: 4/129 [Agnes/+5 lajatang of speed (6)]
 20639 | D:15     | Killed Agnes
 21331 | D:15     | Found a staircase to the Depths.
 21742 | Snake:1  | Entered Level 1 of the Snake Pit
 21749 | Snake:1  | Found Boerr's Armour Boutique.
 21752 | Snake:1  | Bought a +2 pair of boots for 247 gold pieces
 21829 | Snake:1  | Found a sacrificial altar of Ru.
 21989 | Snake:1  | Reached skill level 13 in Fighting
 22571 | Snake:2  | Noticed Louise
 22607 | Snake:2  | Killed Louise
 22729 | Snake:2  | Found a flickering gateway to a bazaar.
 22735 | Bazaar   | Entered a bazaar
 22735 | Bazaar   | Found Fuewath's Antique Weapon Boutique.
 22735 | Bazaar   | Found Entikoen's Antique Weapon Shop.
 22735 | Bazaar   | Found Ubeasom's Distillery.
 22735 | Bazaar   | Found Fyenwevu's Armour Shop.
 22735 | Bazaar   | Found Razex's Magic Scroll Boutique.
 22762 | Bazaar   | Bought 2 potions of curing for 72 gold pieces
 22762 | Bazaar   | Bought a potion of invisibility for 96 gold pieces
 22762 | Bazaar   | Bought a potion of invisibility for 96 gold pieces
 22762 | Bazaar   | Bought a potion of heal wounds for 60 gold pieces
 22762 | Bazaar   | Bought a potion of curing for 36 gold pieces
 22768 | Bazaar   | Bought a potion of mutation for 96 gold pieces
 23336 | Snake:2  | Noticed a nagaraja
 23347 | Snake:2  | Killed a nagaraja
 23350 | Snake:2  | You fall into a shaft and drop 1 floor!
 24080 | Snake:3  | Reached XP level 17. HP: 123/137 MP: 32/32
 24187 | Snake:3  | Noticed Aizul
 24226 | Snake:3  | Killed Aizul
 24475 | Snake:3  | Reached skill level 10 in Conjurations
 24475 | Snake:3  | Reached skill level 10 in Hexes
 24475 | Snake:3  | Reached skill level 10 in Summonings
 24475 | Snake:3  | Reached skill level 10 in Necromancy
 24475 | Snake:3  | Reached skill level 10 in Translocations
 24475 | Snake:3  | Reached skill level 10 in Transmutations
 24475 | Snake:3  | Reached skill level 10 in Fire Magic
 24475 | Snake:3  | Reached skill level 10 in Ice Magic
 24475 | Snake:3  | Reached skill level 10 in Air Magic
 24475 | Snake:3  | Reached skill level 10 in Earth Magic
 24475 | Snake:3  | Reached skill level 10 in Poison Magic
 24632 | Snake:3  | Found a shimmering blue altar of Sif Muna.
 24687 | Snake:3  | Identified the +11 war axe of Charity {heavy, *Rage Str+4}
 25062 | Snake:4  | Entered Level 4 of the Snake Pit
 25566 | Snake:4  | Found a stormy altar of Qazlal.
 26710 | Snake:4  | Got a serpentine rune of Zot
 26989 | Shoals:1 | Entered Level 1 of the Shoals
 27121 | Shoals:1 | Found Uxoexoj's Weapon Emporium.
 27142 | Shoals:1 | Noticed Kirke
 27157 | Shoals:1 | Killed Kirke
 27717 | Shoals:1 | Reached skill level 14 in Fighting
 27717 | Shoals:1 | Reached XP level 18. HP: 142/146 MP: 34/34
 28327 | Shoals:2 | Acquired 387 gold pieces
 29491 | Shoals:3 | Noticed Ilsuiw
 29525 | Shoals:3 | Killed Ilsuiw
 29579 | Shoals:3 | Found a broken altar of Ashenzari.
 29729 | Shoals:4 | Entered Level 4 of the Shoals
 30128 | Shoals:4 | Noticed Mlioglotl
 31021 | Shoals:4 | Got a barnacled rune of Zot
 31331 | Shoals:4 | Identified the +5 ring mail of Uboud {Fly Regen+ Int-3
                  | Stlth-}
 31529 | Shoals:4 | Killed Mlioglotl
 31851 | Vaults:1 | Entered Level 1 of the Vaults
 31931 | Vaults:1 | Reached XP level 19. HP: 153/154 MP: 36/36
 32025 | Vaults:1 | Reached skill level 15 in Fighting
 32464 | Vaults:1 | Found Duuquge's Jewellery Shoppe.
 33380 | Vaults:2 | Reached skill level 15 in Armour
 33380 | Vaults:2 | Reached skill level 15 in Shields
 33583 | Vaults:2 | Noticed Zenata
 33630 | Vaults:2 | Killed Zenata
 33810 | Abyss:2  | Cast into level 2 of the Abyss (a wizard)
 33982 | Abyss:2  | Reached skill level 15 in Stealth
 33982 | Abyss:2  | Reached skill level 15 in Invocations
 34076 | Abyss:2  | Found a candlelit altar of Ignis.
 34079 | Abyss:2  | Gained mutation: You have a pair of small horns on your
                  | head. [potion of mutation]
 34079 | Abyss:2  | Gained mutation: You are somewhat resistant to further
                  | mutation. [potion of mutation]
 34098 | Abyss:2  | Reached skill level 16 in Fighting
 34118 | Abyss:2  | Lost mutation: You are somewhat resistant to further
                  | mutation. [a neqoxec]
 34131 | Vaults:2 | Escaped the Abyss
 34163 | Vaults:2 | Reached XP level 20. HP: 76/164 MP: 37/37
 34635 | Vaults:2 | Lost mutation: You have a pair of small horns on your head.
                  | [potion of mutation]
 34635 | Vaults:2 | Gained mutation: Your magical capacity is low. (-10% MP)
                  | [potion of mutation]
 34635 | Vaults:2 | Gained mutation: You are partially covered in iridescent
                  | scales. (AC +2) [potion of mutation]
 34635 | Vaults:2 | Gained mutation: Your magical capacity is very low. (-20%
                  | MP) [potion of mutation]
 34854 | Vaults:2 | Noticed Frederick
 34872 | Vaults:2 | Killed Frederick
 35190 | Vaults:2 | Noticed Sojobo
 35196 | Vaults:2 | Paralysed by an air elemental for 1 turns
 35202 | Vaults:2 | Paralysed by an air elemental for 1 turns
 35212 | Vaults:2 | Paralysed by an air elemental for 1 turns
 35216 | Vaults:2 | Paralysed by an air elemental for 1 turns
 35218 | Vaults:2 | Killed Sojobo
 35599 | Vaults:3 | Found Pouluivo's Distillery.
 35641 | Vaults:3 | Bought a potion of haste for 140 gold pieces
 35641 | Vaults:3 | Bought a potion of curing for 42 gold pieces
 35641 | Vaults:3 | Bought a potion of curing for 42 gold pieces
 35641 | Vaults:3 | Bought a potion of heal wounds for 70 gold pieces
 35967 | Vaults:3 | Found a staircase to the Crypt.
 36829 | Vaults:3 | Reached skill level 15 in Axes
 37114 | Elf:1    | Entered Level 1 of the Elven Halls
 37133 | Elf:1    | Paralysed by an air elemental for 1 turns
 37234 | Elf:1    | Found a runed translucent door.
 37234 | Elf:1    | Noticed Foashama's ghost (adept DsWr)
 37249 | Elf:1    | Found Osmavemis's Antique Armour Shop.
 37519 | Elf:1    | Found Empyi's Distillery.
 37524 | Elf:1    | Bought a potion of curing for 30 gold pieces
 37524 | Elf:1    | Bought 2 potions of cancellation for 160 gold pieces
 37524 | Elf:1    | Bought a potion of mutation for 80 gold pieces
 37524 | Elf:1    | Bought a potion of berserk rage for 50 gold pieces
 37524 | Elf:1    | Bought 2 potions of cancellation for 160 gold pieces
 37524 | Elf:1    | Bought a potion of curing for 30 gold pieces
 37524 | Elf:1    | Bought a potion of haste for 100 gold pieces
 37524 | Elf:1    | Bought a potion of invisibility for 80 gold pieces
 37728 | Elf:1    | Found Wyatwif's Assorted Antiques.
 37861 | Elf:1    | Found Monlac's Antique Weapon Shop.
 37977 | Elf:1    | Reached skill level 17 in Fighting
 38421 | Elf:1    | Killed Foashama's ghost
 38828 | Elf:2    | Reached XP level 21. HP: 165/174 MP: 31/31
 39210 | Elf:2    | Found a runed translucent door.
 39210 | Elf:2    | Found a shimmering altar of Xom.
 39210 | Elf:2    | Noticed Hynwimna's ghost (veteran MiGl)
 39323 | Elf:2    | Found a runed translucent gate.
 39324 | Elf:2    | Found a runed translucent gate.
 39324 | Elf:2    | Found a runed translucent gate.
 40231 | Elf:3    | Entered Level 3 of the Elven Halls
 40267 | Elf:2    | Upgraded the game from 0.30-a0-777-ga9a30cbeda to
                  | 0.30-a0-778-g2ef04afb54
 40371 | Elf:2    | Paralysed by an air elemental for 1 turns
 40434 | Elf:3    | Reached skill level 15 in Short Blades
 40434 | Elf:3    | Reached skill level 15 in Long Blades
 40434 | Elf:3    | Reached skill level 15 in Maces & Flails
 40434 | Elf:3    | Reached skill level 15 in Polearms
 40434 | Elf:3    | Reached skill level 15 in Staves
 40434 | Elf:3    | Reached skill level 15 in Ranged Weapons
 40434 | Elf:3    | Reached skill level 15 in Throwing
 40434 | Elf:3    | Reached skill level 15 in Dodging
 40434 | Elf:3    | Reached skill level 15 in Unarmed Combat
 40434 | Elf:3    | Reached skill level 15 in Spellcasting
 40434 | Elf:3    | Reached skill level 15 in Evocations
 41040 | Elf:2    | Reached skill level 18 in Fighting
 41190 | Elf:3    | Found Ycuoh's Weapon Emporium.
 41765 | Elf:3    | Identified the ring "Okkal" {*Corrode rElec rPois Str+4}
 41765 | Elf:3    | Found the ring of the Octopus King {Fly HP+2 AC+2 EV+2
                  | SH+2}
 41769 | Elf:3    | Identified the +5 trident of Conflict {freeze, Dex+4}
 41770 | Elf:3    | Paralysed by an air elemental for 1 turns
 42541 | Elf:3    | Identified the +1 hand axe of Intuition {freeze, Str+4
                  | Dex+3}
 42557 | Elf:3    | Identified the ring "Cehuh" {rF+ rN+ Int+6 Dex-5}
 42564 | Elf:3    | Reached XP level 22. HP: 146/174 MP: 33/33
 43469 | Vaults:4 | Noticed Mennas
 43545 | Vaults:4 | Killed Mennas
 44221 | Vaults:4 | Paralysed by a great orb of eyes for 4 turns
 45123 | D:10     | Identified the ring "Yrenomp" {rF+ EV+5 Str+4 Int+2}
 45157 | D:10     | Reached skill level 19 in Fighting
 45187 | D:10     | Found the +8 whip "Snakebite" {venom, curare, rPois}
 45644 | Vaults:5 | Entered Level 5 of the Vaults
 46115 | Vaults:5 | Noticed Jory
 46206 | Vaults:4 | Killed Jory
 46221 | Vaults:4 | Bought a scroll of teleportation for 45 gold pieces
 46221 | Vaults:4 | Bought a scroll of teleportation for 45 gold pieces
 46373 | Vaults:4 | Reached XP level 23. HP: 194/194 MP: 34/34
 46429 | Vaults:5 | Noticed an ancient lich
 46553 | Vaults:5 | Noticed a golden dragon
 46562 | Vaults:5 | Killed a golden dragon
 46635 | Vaults:5 | Identified the +7 spear "Satean" {freeze, MP+9 SInv}
 46751 | Vaults:5 | Noticed an ancient lich
 46798 | Vaults:5 | Killed an ancient lich
 46815 | Vaults:5 | Killed an ancient lich
 46816 | Vaults:5 | HP: 9/198 [titan/the air (26)]
 47299 | Vaults:5 | Noticed a golden dragon
 47310 | Vaults:5 | Killed a golden dragon
 47425 | Vaults:5 | Got the Excursus on the Vector
 47436 | Vaults:5 | Identified the ring "Imuda" {Wiz rElec Dex+3}
 47560 | Vaults:5 | Got a silver rune of Zot
 47644 | Vaults:5 | Identified the +4 plate armour "Xerug" {+Blink rPois Str-4
                  | Int+3}
 48039 | Vaults:5 | Identified the +5 mace of Modesty {pain, rElec rN+ Will+
                  | Int-4}
 48345 | Depths:1 | Entered Level 1 of the Depths
 48460 | Depths:1 | Paralysed by a floating eye for 2 turns
 48475 | Depths:1 | Found a gateway to Hell.
 48516 | Depths:1 | Paralysed by a floating eye for 4 turns
 48523 | Depths:1 | Paralysed by a floating eye for 2 turns
 48545 | Depths:1 | Paralysed by a floating eye for 2 turns
 48598 | Depths:1 | Reached skill level 20 in Fighting
 48783 | Depths:1 | Found a shadowy altar of Dithmenos.
 48783 | Depths:1 | Found the +2 cloak of the Thief {*Fog Slay-2 SInv Stlth+}
 48783 | Depths:1 | Found the ring of Shadows {Umbra +Inv Stlth+}
 49269 | Depths:1 | Found a one-way gate to the infinite horrors of the Abyss.
 49585 | Depths:1 | Found Ydogur's Jewellery Shop.
 49585 | Depths:1 | Found Sebriz's Book Shoppe.
 49586 | Depths:1 | Found Elubb's Book Shoppe.
 49668 | Depths:1 | Found a one-way gate leading to the halls of Pandemonium.
 49979 | Depths:2 | Reached XP level 24. HP: 205/205 MP: 34/34
 50077 | Depths:2 | You are sucked into a shaft and drop 1 floor!
 50214 | Depths:2 | Identified the +5 ring mail of Time Monsters {rF++ Will+}
 50386 | Depths:2 | Found a one-way gateway to a ziggurat.
 51160 | Depths:3 | Found Rabron's Changing Room.
 51175 | Depths:3 | Bought a potion of mutation for 144 gold pieces
 51736 | Depths:4 | Entered Level 4 of the Depths
 51771 | Depths:4 | Reached skill level 21 in Fighting
 52108 | Depths:4 | Found a gate to the Realm of Zot.
 52365 | Depths:4 | Learned a level 3 spell: Summon Guardian Golem
 52699 | Depths:4 | Learned a level 4 spell: Animate Armour
 53070 | Crypt:1  | Entered Level 1 of the Crypt
 53315 | Crypt:1  | Reached XP level 25. HP: 214/214 MP: 35/35
 54756 | Crypt:3  | Entered Level 3 of the Crypt
 55085 | Crypt:3  | Noticed Uroast's ghost (veteran MiGl)
 55119 | Crypt:3  | Found a runed translucent gate.
 55119 | Crypt:3  | Found a runed translucent gate.
 55120 | Crypt:3  | Found a runed translucent gate.
 55213 | Crypt:3  | Identified the +0 cloak of Apathy {Str+3 Slay+3}
 55547 | Crypt:3  | Found a staircase to the Tomb.
 55724 | Crypt:3  | Reached skill level 15 in Conjurations
 55724 | Crypt:3  | Reached skill level 15 in Hexes
 55724 | Crypt:3  | Reached skill level 15 in Summonings
 55724 | Crypt:3  | Reached skill level 15 in Necromancy
 55724 | Crypt:3  | Reached skill level 15 in Translocations
 55724 | Crypt:3  | Reached skill level 15 in Transmutations
 55724 | Crypt:3  | Reached skill level 15 in Fire Magic
 55724 | Crypt:3  | Reached skill level 15 in Ice Magic
 55724 | Crypt:3  | Reached skill level 15 in Air Magic
 55724 | Crypt:3  | Reached skill level 15 in Earth Magic
 55724 | Crypt:3  | Reached skill level 15 in Poison Magic
 56013 | Crypt:3  | Noticed a dread lich
 56013 | Crypt:3  | Noticed an ancient lich
 56014 | Crypt:3  | Noticed a dread lich
 56014 | Crypt:3  | Noticed a dread lich
 56119 | Crypt:3  | Killed Uroast's ghost
 56175 | Crypt:3  | Identified the +2 ring mail "Dixyet" {rC- MP+9 Int+2}
 56212 | Crypt:3  | Bought a pair of glowing boots for 150 gold pieces
 56224 | Crypt:3  | Bought a potion of berserk rage for 135 gold pieces
 56224 | Crypt:3  | Bought a potion of cancellation for 216 gold pieces
 56224 | Crypt:3  | Bought a potion of haste for 270 gold pieces
 56612 | Slime:1  | Entered Level 1 of the Pits of Slime
 57023 | Slime:4  | Paralysed by a floating eye for 2 turns
 57035 | Slime:3  | Reached skill level 22 in Fighting
 57274 | Slime:5  | Entered Level 5 of the Pits of Slime
 57514 | Slime:5  | Noticed the Royal Jelly
 57547 | Slime:5  | Killed the Royal Jelly
 57585 | Slime:5  | Mangled by a rockslime

Illustrated notes

Levels and vault maps discovered:
D:1:      elethiomel_arrival_infinity_welcomes_careful_drivers, layout_basic
D:2:      layout_basic, minmay_goblin_outpost, uniq_sigmund
D:3:      layout_loops_ring, nicolae_tso_swordbearing_angel,
          lemuel_crystal_altar, uniq_grinder, uniq_crazy_yiuf_cottage
D:4:      layout_basic, evilmike_ruin_ashenzari, lemuel_crystal_altar,
          pf_just_have_faith, mainiacjoe_overflow_surrounded_room,
          old_standard_altar, st_stairs_8
D:5:      wander_guarded_unrand_ratskin, layout_gridville,
          general_overflow_altar, minmay_temple_entry_ruins, uniq_ijyb,
          uniq_edmund, uniq_duvessa
D:6:      layout_cave_pods, okawaru_altar_gauntlet_db, minmay_splitting_lines,
          uniq_maggie, uniq_eustachio
D:7:      layout_gridville, kennysheep_mini_moat, vehumet_altar_wand_db,
          nicolae_overflow_crystal_walls, ebering_ghost_disaster_area,
          serial_co_window_serial, co_window_paths_b,
          co_window_of_opportunity_a, co_window_of_opportunity_a,
          co_window_paths_a, co_window_of_opportunity_a, co_window_corner_cb,
          co_window_broadway_c, co_window_of_opportunity_b, glass_columns_c,
          glass_columns_b, glass_columns_b, glass_columns_c, glass_columns_a,
          serial_shops, shop
D:8:      layout_loops_corners, mainiacjoe_overflow_alcove_2,
          nemelex_spade_bored_becter, nicolae_ru_path_of_blood, uniq_maurice
D:9:      layout_basic, mainiacjoe_overflow_alcove_1, uniq_pikel
D:10:     minmay_sliced_demisemicircle, layout_cave_pools,
          minmay_lair_entry_lava, serial_gnoll_camp, gnoll_camp_huts_basic,
          gnoll_camp_mini_hut, gnoll_camp_mini_house, gnoll_camp_mini_sergeant,
          uniq_snorg, uniq_sonja, uniq_urug, uniq_erolcha, uniq_lodul
D:11:     layout_cave_pools, orc_0_dummy, serial_shops, shop, shop,
          nicolae_shop_crystal, nicolae_shop_behind_doors,
          nicolae_shop_advertising_works [nicolae_subvault_shop_adworks],
          minmay_misc_feat_tiny, hangedman_fish_farm
D:12:     layout_layer_cave
D:13:     kennysheep_treasure_stockpile, layout_basic, serial_shops,
          nicolae_shop_window_shopping, uniq_jorgrun
D:14:     layout_big_octagon, ximxim_vaults_locker_room,
          portal_ice_cave_entry_ice_simulacra, minmay_misc_feat_diagonals,
          nicolae_wu_jian_glorious_leap
D:15:     grunt_enter_depths_snipers, layout_basic, grunt_qazlal_clouds,
          uniq_agnes
Temple:   hellmonk_temple_two_chambers
Lair:1:   layout_regular_city, nicolae_lair_grove_arrangements,
          lemuel_fruit_fields, uniq_gastronok, uniq_fannar
Lair:2:   layout_loops_ring, dummy_snake_entry, eino_house_with_fridge,
          infiniplex_staircase_pool_2, grunt_megastairs_4
Lair:3:   nzn_motion_control, layout_small_grid, minmay_shoals_entry_centaurs,
          serial_bayou_pond_b, uniq_amaemon
Lair:4:   layout_regular_city, pdpol_lair_cavern_descent
Lair:5:   minmay_lair_end_frog_pond, layout_big_grid, slime_entry_1,
          serial_bayou, serial_bayou_shore_b, serial_bayou_shore_a,
          serial_bayou_pond_e, serial_bayou_pond_e, serial_bayou_shore_b
Shoals:1: layout_shoals, serial_shops, nicolae_shop_hallway_stairs, uniq_kirke
Shoals:2: layout_shoals
Shoals:3: layout_shoals, wheals_shoals_ruined_temple, uniq_ilsuiw
Shoals:4: shoals_end_simple, layout_shoals, uniq_mlioglotl
Snake:1:  layout_onion_interference, basic_altar, serial_shops,
          nicolae_shop_behind_doors, grunt_megastairs_2
Snake:2:  layout_layer_cave, serial_shops, bzr_entry_gold, uniq_louise
Snake:3:  layout_grid_maze, special_room, basic_altar, nicolae_snake_lava_pool,
          uniq_aizul
Snake:4:  grunt_snake_rune_pools, layout_layer_cave, basic_altar,
          nicolae_snake_salamander_jacuzzi
Slime:1:  layout_caves
Slime:2:  layout_caves
Slime:3:  layout_caves
Slime:4:  layout_caves
Slime:5
Orc:1:    layout_diamond_mine, serial_shops, nicolae_shop_waterfront,
          lightli_volcano_entry_magma_tube, basic_altar
Orc:2:    st_orc_open, layout_diamond_mine, gammafunk_ghost_cemetery
Elf:1:    nicolae_elf_arrival_no_cutting_in_line, layout_geoelf_grid,
          special_room [special_room_orc], hellmonk_ghost_happy_afterlife,
          serial_shops, shop, nicolae_shop_behind_doors, shop, shop,
          minivault_28
Elf:2:    nicolae_elf_blades_crystal_corner, layout_loops_corners,
          ebering_ghost_xom
Elf:3:    minmay_elf_hall_statues, layout_rooms, serial_shops,
          nicolae_shop_hallway_stairs, st_stairs_11, grunt_ministairs_10,
          kilobyte_rumbling_trees
Vaults:1: hangedman_vaults_variations, hangedman_vaults_cutoff, v_misc_33,
          grunt_vaults_focal, ontoclasm_vaults_ligature, grunt_vaults_diagonal,
          nicolae_vaults_three_branches, v_alt_pattern_1,
          nicolae_vaults_network_s, serial_ice_g, layout_vaults_omnicross,
          serial_shops, shop
Vaults:2: hangedman_vaults_cutoff, nicolae_vaults_shelves_hall,
          nicolae_vaults_halls_meeting, vaults_standard_mumra_x,
          hangedman_vaults_hat, nicolae_vaults_little_squares_4, v_misc_5,
          v_alt_pattern_5, vaults_room_semicircle, ontoclasm_vaults_chip,
          vaults_room_ringed_pool, vaults_room_fancy_cross,
          layout_vaults_maze_snakey, uniq_sojobo, uniq_frederick, uniq_zenata
Vaults:3: blue_anna_dwarven_crypt, hangedman_vaults_restitches,
          nicolae_vaults_little_squares_6, vaults_dpeg_ring,
          nicolae_vaults_little_squares_4, nicolae_vaults_statue_guard,
          ontoclasm_vaults_loading_screen, ontoclasm_vaults_decontamination,
          vaults_room_fours, ontoclasm_vaults_claustrophobia, v_misc_27,
          layout_vaults_quadrants, serial_shops, shop, uniq_margery
Vaults:4: hangedman_vaults_pinch, nicolae_vaults_network_square,
          vaults_standard_mumra_lines, v_alt_pattern_6,
          nicolae_vaults_stairing_the_circle, v_misc_31,
          layout_vaults_chaotic_city, uniq_mennas
Vaults:5: uniq_jory
Crypt:1:  layout_chaotic_city
Crypt:2:  layout_chaotic_city
Crypt:3:  david_glass_crypt, layout_chaotic_city,
          nicolae_tomb_entry_rubble_hallway, gammafunk_ghost_split, st_stairs_9
Depths:1: regret_index_dithmenos_brocken_genspenst, layout_basic, pan_entry,
          chequers_big_river, abyss_entry, hell_entry, nicolae_two_hexagons,
          hangedman_decor_riveting, minmay_starry_boxes, minmay_shop_grove,
          serial_bayou_shore_b
Depths:2: minmay_bloctagon_deflated, layout_cave_shapes, enter_ziggurat_f,
          hangedman_coc_ice_floe, pan_entry, st_stairs_12,
          kennysheep_random_hallway, minmay_staircase_statues_hall_large
Depths:3: minmay_curly_fans, layout_cave_shapes, minmay_room_of_horrors,
          grunt_hell_entry_dis_old, hangedman_abyss_or_decor_clamps,
          nicolae_transmutations_shop, minmay_staircase_statues
Depths:4: grunt_zot_entry_tricorne, layout_gridville, lightli_too_deep,
          abyss_entry

Skill      XL: |  1  2  3  4  5  6  7  8  9 10 11 12 13 14 15 16 17 18 19 20 21 22 23 24 25 |
---------------+----------------------------------------------------------------------------+-----
Invocations    | 2 3 4 5 6 7 8 10 11 12 13 14 15 16 17 18 19 | 19.2
Short Blades   | 1 2 3 5 6 7 8 9 10 11 12 13 14 15 16 17 | 17.8
Long Blades    | 1 2 3 5 6 7 8 9 10 11 12 13 14 15 16 17 | 17.8
Maces & Flails | 1 2 3 5 6 7 8 9 10 11 12 13 14 15 16 17 | 17.8
Polearms       | 1 2 3 5 6 7 8 9 10 11 12 13 14 15 16 17 | 17.8
Staves         | 1 2 3 5 6 7 8 9 10 11 12 13 14 15 16 17 | 17.8
Ranged Weapons | 1 2 3 5 6 7 8 9 10 11 12 13 14 15 16 17 | 17.8
Throwing       | 1 2 3 5 6 7 8 9 10 11 12 13 14 15 16 17 | 17.8
Dodging        | 1 2 3 5 6 7 8 9 10 11 12 13 14 15 16 17 | 17.8
Stealth        | 1 2 3 5 6 7 8 9 10 11 12 13 15 16 17 18 19 20 21 | 21.5
Unarmed Combat | 1 2 3 5 6 7 8 9 10 11 12 13 14 15 16 17 | 17.8
Spellcasting   | 1 2 3 5 6 7 8 9 10 11 12 13 14 15 16 17 | 17.8
Evocations     | 1 2 3 5 6 7 8 9 10 11 12 13 14 15 16 17 | 17.8
Conjurations   | 1 2 3 4 5 6 7 8 9 10 11 12 13 14 15 | 15.1
Hexes          | 1 2 3 4 5 6 7 8 9 10 11 12 13 14 15 | 15.1
Summonings     | 1 2 3 4 5 6 7 8 9 10 11 12 13 14 15 | 15.1
Necromancy     | 1 2 3 4 5 6 7 8 9 10 11 12 13 14 15 | 15.1
Translocations | 1 2 3 4 5 6 7 8 9 10 11 12 13 14 15 | 15.1
Transmutations | 1 2 3 4 5 6 7 8 9 10 11 12 13 14 15 | 15.1
Fire Magic     | 1 2 3 4 5 6 7 8 9 10 11 12 13 14 15 | 15.1
Ice Magic      | 1 2 3 4 5 6 7 8 9 10 11 12 13 14 15 | 15.1
Air Magic      | 1 2 3 4 5 6 7 8 9 10 11 12 13 14 15 | 15.1
Earth Magic    | 1 2 3 4 5 6 7 8 9 10 11 12 13 14 15 | 15.1
Poison Magic   | 1 2 3 4 5 6 7 8 9 10 11 12 13 14 15 | 15.1
Axes           | 5 6 7 8 9 10 11 12 13 14 15 16 17 18 | 18.3
Fighting       | 7 8 9 10 11 12 13 14 16 17 18 19 20 21 22 | 22.1
Armour         | 7 8 9 10 11 12 13 14 15 16 17 18 | 18.8
Shields        | 7 8 9 10 11 12 13 14 15 16 17 18 | 18.8

Action                     |  1- 3 |  4- 6 |  7- 9 | 10-12 | 13-15 | 16-18 | 19-21 | 22-24 | 25-27 || total
---------------------------+-------+-------+-------+-------+-------+-------+-------+-------+-------++-------
  Melee: War axe           |   115 |   103 |   395 |   513 |  1060 |  1558 |  1467 |  1194 |   455 ||  6860
         Bite              |    10 |     9 |    51 |    64 |   143 |   224 |   214 |   209 |    94 ||  1018
         Headbutt          |       |       |       |       |       |       |    21 |       |       ||    21
  Throw: Dart              |       |       |     5 |       |     7 |       |       |       |       ||    12
         Javelin           |       |       |       |       |    44 |    33 |       |    37 |     1 ||   115
         Throwing net      |       |       |       |       |       |     4 |       |       |       ||     4
   Cast: Summon Guardian G |       |       |       |       |       |       |       |     3 |     4 ||     7
         Animate Armour    |       |       |       |       |       |       |       |     1 |     1 ||     2
 Invoke: Potion Petition   |       |       |       |       |     1 |     1 |     5 |     9 |     2 ||    18
         Call Merchant     |       |       |       |       |       |       |       |     1 |     3 ||     4
  Evoke: Wand              |       |       |       |       |    15 |       |     2 |     2 |     3 ||    22
         Condenser vane    |       |       |       |       |     1 |     5 |     5 |     5 |     1 ||    17
         Phantom mirror    |       |       |       |       |       |     3 |     4 |     5 |     2 ||    14
         Phial of floods   |       |       |       |       |       |       |       |     1 |     1 ||     2
         Tin of tremorston |       |       |       |       |       |       |       |     1 |       ||     1
    Use: Scroll            |       |     3 |       |    27 |    15 |    15 |     7 |    11 |     6 ||    84
         Potion            |       |     2 |     8 |     8 |     3 |    10 |    12 |    21 |    14 ||    78
   Stab: Invisible         |       |       |     2 |       |       |     2 |     4 |     5 |       ||    13
         Sleeping          |       |       |     1 |       |       |       |       |       |       ||     1
         Distracted        |       |       |     1 |     3 |     9 |     8 |     8 |    13 |     8 ||    50
         Petrified         |       |       |       |       |     7 |       |       |       |       ||     7
 Armour: Scale mail        |    61 |    32 |    18 |       |       |       |       |       |       ||   111
         Plate armour      |       |       |   127 |    12 |       |       |       |       |       ||   139
         Crystal plate arm |       |       |       |   295 |   755 |   833 |   844 |   744 |   260 ||  3731
         Skin              |       |       |       |       |       |       |     6 |       |       ||     6
  Dodge: Dodged            |    57 |    56 |   180 |   188 |   440 |   636 |   650 |   499 |   228 ||  2934
  Block: Buckler           |    31 |    47 |   252 |   123 |       |       |       |       |       ||   453
         Reflection        |       |     2 |     3 |     5 |     9 |       |       |       |       ||    19
         Kite shield       |       |       |       |   295 |   750 |       |       |       |       ||  1045
         Tower shield      |       |       |       |       |   355 |  1960 |  1669 |  1580 |   653 ||  6217

Table legend: (Time is in decaauts)
 A = Elapsed time spent in this place.
 B = Non-inter-level travel time spent in this place.
 C = Inter-level travel time spent in this place.
 D = Time resting spent in this place.
 E = Time spent auto-exploring this place.
 F = Levels seen in this place.
 G = Mean time per level.
                   A        B        C        D        E       F      G
               +--------+--------+--------+--------+--------+-----+--------+
         Total |  59460 |  55083 |   4377 |   9545 |  29094 |  54 | 1101.1 |
       Dungeon |  15741 |  14243 |   1498 |   1441 |   9219 |  15 | 1049.4 |
        Temple |     39 |     31 |      8 |      0 |      0 |   1 |   39.0 |
          Lair |   5874 |   5203 |    671 |    495 |   3281 |   5 | 1174.8 |
        Shoals |   5100 |   4929 |    171 |   1016 |   2070 |   4 | 1275.0 |
     Snake Pit |   5307 |   4977 |    330 |    956 |   2806 |   4 | 1326.8 |
    Slime Pits |   1018 |   1018 |      0 |    482 |      0 |   5 |  203.6 |
  Orcish Mines |   1480 |   1282 |    198 |     57 |    632 |   2 |  740.0 |
   Elven Halls |   6035 |   5845 |    190 |   1585 |   2298 |   3 | 2011.7 |
        Vaults |   9719 |   8796 |    923 |   2114 |   4347 |   5 | 1943.8 |
         Crypt |   3497 |   3340 |    157 |    479 |   1800 |   3 | 1165.7 |
        Depths |   4985 |   4759 |    226 |    912 |   2449 |   4 | 1246.2 |
         Abyss |    317 |    317 |      0 |      0 |    153 |   1 |  317.0 |
        Bazaar |     43 |     43 |      0 |      0 |      0 |   1 |   43.0 |
       Volcano |    299 |    299 |      0 |      5 |     37 |   1 |  299.0 |
               +--------+--------+--------+--------+--------+-----+--------+

Top non-repeatable levels by time:
   Elf:2: 2697 daAuts
Vaults:4: 2422 daAuts
Vaults:2: 2377 daAuts
   Elf:3: 1944 daAuts
Vaults:5: 1856 daAuts
 Snake:4: 1840 daAuts
Depths:1: 1814 daAuts
    D:10: 1774 daAuts
 Crypt:3: 1598 daAuts
Shoals:3: 1591 daAuts
Shoals:4: 1549 daAuts
Vaults:3: 1542 daAuts
Vaults:1: 1520 daAuts
     D:5: 1447 daAuts
   Elf:1: 1393 daAuts
